 Seeded DCSS version 0.30-a0-830-gfe289a77b0 (webtiles) character file.

Game seed: 10962520627805071627 (custom seed)

5149 demibob the Basher (level 10, -5/150 HPs)
             Began as a Troll Berserker on Feb 28, 2023.
             Was a High Priest of Trog.
             Slain by a yak (12 damage)
             ... on level 9 of the Dungeon.
             The game lasted 00:07:35 (5653 turns).

demibob the Basher (Troll Berserker)                Turns: 5653, Time: 00:07:36

Health: -5/150     AC:  9    Str: 27    XL:     10   Next: 33%
Magic:  9/9        EV: 10    Int:  8    God:    Trog [*****.]
Gold:   634        SH:  0    Dex: 11    Spells: 9/9 levels left

rFire   . . .      SeeInvis .    a - +6 giant spiked club "Ladir" {flame, rPois Int+3}
rCold   . . .      Faith    +    (shield currently unavailable)
rNeg    . . .      Spirit   .    b - +1 animal skin
rPois   +          Reflect  .    (helmet restricted)
rElec   .          Harm     .    (no cloak)
rCorr   .          Rampage  .    (gloves unavailable)
Will    .....                    (boots unavailable) Stlth
                                 e - amulet of faith {!P}
HPRegen 1.25/turn                T - +4 ring of protection
MPRegen 0.11/turn                (no ring)

@: berserking (expiring), very quick
A: large, unfitting armour, claws 3, regeneration 1, shaggy fur 1, tough skin 1
a: Renounce Religion, Berserk, Trog's Hand, Brothers in Arms


You were on level 9 of the Dungeon.
You worshipped Trog.
Trog was extremely pleased with you.
You visited 1 branch of the dungeon, and saw 9 of its levels.

You collected 634 gold pieces.


Innate Abilities, Weirdness & Mutations

You are too large for most types of armour.
You have claws for hands.
Your natural rate of healing is unusually fast.
You are covered in fur. (AC +1)
You have tough skin. (AC +1)


   Skills:
 - Level 6.3 Fighting
 + Level 14.9 Maces & Flails
 - Level 2.4 Dodging


You had 9 spell levels left.
You didn't know any spells.
Your spell library was empty.

Inventory:

Hand Weapons
 a - the +6 giant spiked club "Ladir" (weapon) {flame, rPois Int+3}
   (You acquired it on level 1 of the Dungeon)

   Int:       It affects your intelligence (+3).
   rPois:     It protects you from poison.
 i - a +1 spectral mace
Missiles
 l - 3 throwing nets {=f}
Armour
 b - a +1 animal skin (worn)
 h - the +1 fire dragon scales of Grace {rPois rF++ rC- Int+2}
   (You acquired it on level 1 of the Dungeon)

   Int:       It affects your intelligence (+2).
   rF:        It greatly protects you from fire.
   rC:        It makes you vulnerable to cold.
   rPois:     It protects you from poison.
 o - a +0 cloak
 q - a +1 cloak
Jewellery
 e - an amulet of faith (around neck) {!P}
 j - an amulet of the acrobat
 C - a ring of ice
 D - the ring of Odofil {Drain rF++ MP+9 EV+5 Dex+2}
   (You found it on level 8 of the Dungeon)

   [ring of evasion]

   EV:        It affects your evasion (+5).
   Dex:       It affects your dexterity (+2).
   rF:        It greatly protects you from fire.
   MP:        It affects your magic capacity (+9).
   Drain:     It drains your maximum health when unequipped.
 T - a +4 ring of protection (left claw)
Wands
 r - a wand of charming (26)
 A - a wand of light (8)
Scrolls
 c - a scroll of teleportation {@r2}
 g - 3 scrolls of enchant armour
 n - 3 scrolls of fear
 y - a scroll of fog
 E - a scroll of poison
Potions
 d - 2 potions of haste {@q3}
 f - a potion of berserk rage {unknown}
 k - 2 potions of ambrosia
 p - a potion of magic
 s - 2 potions of curing {@q1}
 t - 3 potions of invisibility
 v - 2 potions of brilliance
 w - a potion of lignification
 z - a potion of might {unknown}
 B - a potion of attraction {unknown}
 F - a potion of heal wounds {unknown}
 G - a potion of mutation {unknown}
 I - a potion of degeneration {unknown}

Dungeon Overview and Level Annotations

Branches:
Dungeon (9/15)             Temple (0/1) D:7
   Lair: D:8-11         Orc: D:9-12

Altars:
Dithmenos

Shops:
D:7 :

Annotations:
D:7 1 runed translucent door, Zenkrye's ghost, novice TeAE
D:9 exclusion: ice statue

~~~~~~#.#..........#
~~≈≈≈≈~.#..........#
≈~~~##
~~~~~~≈.#..........###
......
........'............+
~~~~#
~~~~S##.#...(...######
≈≈≈≈# ~≈≈≈#...#.......#
≈≈≈≈# ~S≈ #...#.......#
~~~#### ≈ ~#
#...#†......# ....... ..
#@..#.......# .######~
~~≈####Y..#.......#
........
..........#.......#
......<#
~~~.......#.......####
.......#
#≈#.......#..........###
####...#
#.......#..........#..
....#...
#....###~≈~#.......#..
~~#.# .. #....
#≈≈~≈~.......#.. ..# .
...... ~≈≈≈≈~≈##...##..


You could see a yak and an electric eel.


Message History

Trog accepts your kill.
You barely miss the yak. You hit the yak. You burn the yak.
The yak is lightly wounded.
The yak gores you but does no damage.
You closely miss the yak.
The yak is lightly wounded.
The yak gores you.
* * * LOW HITPOINT WARNING * * *
The yak misses you. The yak barely misses you.
You impale the yak!! You burn the yak!
You kill the yak!
Trog accepts your kill. The yak gores you.
* * * LOW HITPOINT WARNING * * *
The yak gores you!
* * * LOW HITPOINT WARNING * * *
You puncture the yak! You burn the yak.
The yak is heavily wounded.
The yak gores you but does no damage. The yak barely misses you.
You impale the yak!! You burn the yak.
You kill the yak!
Trog accepts your kill.
You puncture the yak! You burn the yak.
The yak is heavily wounded.
The electric eel shoots out a bolt of lightning at you!
The bolt of electricity hits you.
* * * LOW HITPOINT WARNING * * *
The yak gores you!
You die...

Skill      XL: |  1  2  3  4  5  6  7  8  9 |
---------------+----------------------------+-----
Maces & Flails | 3 4 5 6 8 9 12 14 | 14.9
Fighting       | 4 6 |  6.3
Dodging        | |  2.4

Action                     |  1- 3 |  4- 6 |  7- 9 | 10-12 || total
---------------------------+-------+-------+-------+-------++-------
  Melee: Mace              |    24 |       |       |       ||    24
         Giant spiked club |    15 |   157 |   209 |    37 ||   418
 Invoke: Berserk           |     1 |     3 |     2 |     2 ||     8
    Use: Scroll            |     4 |     4 |    13 |     1 ||    22
         Potion            |       |       |       |     1 ||     1
   Stab: Sleeping          |       |     1 |       |       ||     1
 Armour: Animal skin       |     8 |    71 |    70 |    24 ||   173
  Dodge: Dodged            |    21 |   118 |   101 |    38 ||   278

Levels and vault maps discovered:
D:1:      lemuel_arrival_room, layout_basic, serial_aquarium,
          aquarium_bridge_square [aquarium_subvault_bridge,
          aquarium_subvault_window, aquarium_subvault_window,
          aquarium_subvault_bridge], aquarium_window_1, aquarium_window_3,
          aquarium_window_double, aquarium_view_2f, aquarium_view_2d,
          aquarium_balcony_3b
D:2:      layout_loops_ring, basic_ecumenical_altar, minmay_circle_x
D:3:      layout_loops_ring, amcnicky_altar_gilded
D:4:      layout_loops_cross, kennysheep_generic_room_5, uniq_edmund
D:5:      layout_loops_ring
D:6:      layout_cave_pools
D:7:      layout_cave_pools, minmay_temple_entry_offerings, serial_shops, shop,
          hellmonk_ghost_happy_afterlife, hangedman_abyss_or_decor_stagger
D:8:      layout_basic, minmay_statues_item, uniq_maggie, uniq_joseph
D:9:      cheibrodos_grave_circle, layout_basic, enter_bailey_3,
          hangedman_decor_peaks_small, minivault_16

Notes
Turn   | Place    | Note
-------+----------+-------------------------------------------
     0 | D:1      | demibob the Troll Berserker began the quest for the Orb.
     0 | D:1      | Reached XP level 1. HP: 22/22 MP: 0/0
    60 | D:1      | Reached skill level 3 in Maces & Flails
   109 | D:1      | Reached XP level 2. HP: 29/29 MP: 1/1
   575 | D:1      | Identified 3 scrolls of acquirement
   575 | D:1      | Acquired the +1 fire dragon scales of Grace {rPois rF++ rC-
                  | Int+2}
   577 | D:1      | Acquired the +6 giant spiked club "Ladir" {flame, rPois
                  | Int+3}
   579 | D:1      | Acquired a manual of Maces & Flails
   609 | D:2      | Reached skill level 4 in Maces & Flails
   611 | D:2      | Reached XP level 3. HP: 10/36 MP: 2/2
   613 | D:2      | HP: 3/36 [gnoll/+0 halberd (3)]
   617 | D:2      | Reached skill level 5 in Maces & Flails
   653 | D:2      | Reached XP level 4. HP: 38/44 MP: 3/3
   775 | D:2      | Reached ** piety under Trog
   797 | D:2      | Reached skill level 6 in Maces & Flails
   966 | D:2      | Reached XP level 5. HP: 15/50 MP: 4/4
  1169 | D:2      | Found a faded altar of an unknown god.
  1343 | D:3      | Reached skill level 7 in Maces & Flails
  1374 | D:3      | Found a shadowy altar of Dithmenos.
  1523 | D:3      | Reached *** piety under Trog
  1566 | D:3      | Reached skill level 8 in Maces & Flails
  1571 | D:3      | Reached XP level 6. HP: 59/59 MP: 5/5
  2045 | D:4      | HP: 5/88 [iguana (12)]
  2046 | D:4      | Reached skill level 9 in Maces & Flails
  2189 | D:4      | Noticed Edmund
  2200 | D:4      | Killed Edmund
  2201 | D:4      | Reached XP level 7. HP: 66/66 MP: 6/6
  2279 | D:4      | Reached skill level 10 in Maces & Flails
  2642 | D:5      | Entered Level 5 of the Dungeon
  2742 | D:5      | Reached skill level 11 in Maces & Flails
  2760 | D:5      | Reached **** piety under Trog
  2763 | D:5      | You fall into a shaft and drop 1 floor!
  2805 | D:6      | Reached skill level 12 in Maces & Flails
  2829 | D:6      | Reached XP level 8. HP: 74/74 MP: 7/7
  2883 | D:6      | Reached skill level 3 in Fighting
  3398 | D:5      | Reached skill level 4 in Fighting
  3922 | D:7      | Found a runed translucent door.
  3922 | D:7      | Noticed Zenkrye's ghost (novice TeAE)
  3938 | D:7      | Reached ***** piety under Trog
  4011 | D:7      | Reached XP level 9. HP: 61/87 MP: 8/8
  4012 | D:7      | Reached skill level 5 in Fighting
  4078 | D:7      | Found a staircase to the Ecumenical Temple.
  4112 | D:7      | Found Yskemih's Book Emporium.
  4345 | D:7      | Reached skill level 13 in Maces & Flails
  4536 | D:8      | Noticed Maggie
  4543 | D:8      | Killed Maggie
  4569 | D:8      | Identified the ring of Odofil {Drain rF++ MP+9 EV+5 Dex+2}
  4676 | D:8      | Reached skill level 6 in Fighting
  4789 | D:8      | Noticed Joseph
  4799 | D:8      | Killed Joseph
  5432 | D:8      | Reached skill level 14 in Maces & Flails
  5535 | D:9      | Reached XP level 10. HP: 89/100 MP: 9/9
  5624 | D:9      | Noticed an ice statue
  5650 | D:9      | HP: 9/150 [yak (10)]
  5653 | D:9      | Slain by a yak

Vanquished Creatures
  Joseph (D:8)
  Maggie (D:8)
  A centaur skeleton (D:9)
  A hornet (D:9)
  A shadow (D:8)
  3 yaks (D:9)
  A wyvern (D:8)
  Edmund (D:4)
  A water moccasin (D:7)
  A black bear (D:4)
  4 ice beasts
  A sky beast (D:8)
  3 orc warriors
  An ogre (D:6)
  A centaur (D:9)
  A kobold brigand (D:6)
  3 scorpions
  5 bullfrogs
  3 necrophages
  6 killer bees (D:9)
  2 howler monkeys
  3 hounds
  4 jellies
  A gnoll bouda (D:5)
  6 orc priests
  5 iguanas
  6 orc wizards
  14 gnolls
  11 adders
  A shadow imp (D:6)
  An ufetubus (D:5)
  6 worms
  3 dart slugs
  25 orcs
  4 bats
  6 endoplasms
  3 giant cockroaches (D:2)
  4 goblins
  6 hobgoblins
  6 jackals
  10 kobolds
  5 quokkas
  6 ball pythons
  4 frilled lizards
  3 rats
185 creatures vanquished.

Vanquished Creatures (others)
  A withered plant (D:9)
1 creature vanquished.

Grand Total: 186 creatures vanquished

Table legend: (Time is in decaauts)
 A = Elapsed time spent in this place.
 B = Non-inter-level travel time spent in this place.
 C = Inter-level travel time spent in this place.
 D = Time resting spent in this place.
 E = Time spent auto-exploring this place.
 F = Levels seen in this place.
 G = Mean time per level.
                   A        B        C        D        E       F      G
               +--------+--------+--------+--------+--------+-----+--------+
         Total |   5812 |   5605 |    207 |    125 |   4285 |   9 |  645.8 |
       Dungeon |   5812 |   5605 |    207 |    125 |   4285 |   9 |  645.8 |
               +--------+--------+--------+--------+--------+-----+--------+

Top non-repeatable levels by time:
     D:8: 1051 daAuts
     D:2: 779 daAuts
     D:4: 765 daAuts
     D:5: 744 daAuts
     D:3: 622 daAuts
     D:1: 597 daAuts
     D:7: 572 daAuts
     D:6: 543 daAuts
     D:9: 135 daAuts

Table legend:
 A = Non-vault XP
 B = Vault XP
 C = Vault XP percentage of total XP
 D = Non-vault monster count
 E = Vault monster count
 F = Vault count percentage of total count
                 A         B        C        D         E       F
            +---------+---------+-------+---------+---------+-------
      Total |    5936 |    1421 |  19.3 |     174 |      11 |   5.9
            +---------+---------+-------+---------+---------+-------
        D:1 |      23 |       0 |   0.0 |      12 |       0 |   0.0
        D:2 |     193 |       7 |   3.5 |      29 |       4 |  12.1
        D:3 |     192 |       0 |   0.0 |      26 |       0 |   0.0
        D:4 |     323 |     177 |  35.4 |      16 |       4 |  20.0
        D:5 |     977 |       0 |   0.0 |      30 |       0 |   0.0
        D:6 |     655 |       0 |   0.0 |      16 |       0 |   0.0
        D:7 |     743 |       0 |   0.0 |      12 |       0 |   0.0
        D:8 |    1219 |     858 |  41.3 |      17 |       2 |  10.5
        D:9 |    1611 |     379 |  19.0 |      16 |       1 |   5.9
            +---------+---------+-------+---------+---------+-------
